 Dungeon Crawl Stone Soup version 0.17-a0-1567-gdd419b1 (webtiles) character file.

96 McCoppin the Insei (level 4, -5/36 HPs)
             Began as a Demonspawn Monk on July 23, 2015.
             Slain by Crazy Yiuf
             ... wielding a +4 quarterstaff of chaos
              (9 damage)
             ... on level 2 of the Dungeon.
             The game lasted 00:04:59 (1895 turns).

McCoppin the Insei (Demonspawn Monk)                Turns: 1895, Time: 00:05:00

Health: -5/36      AC:  6    Str: 12    XL:     4   Next: 41%
Magic:  0/4        EV: 10    Int: 11    God:
Gold:   124        SH:  0    Dex: 16    Spells: 0 memorised, 3 levels left

rFire  . . .     SeeInvis .       - Unarmed
rCold  . . .     Clarity  .     c - +0 scale mail
rNeg   + . .     SustAt   .     (no shield)
rPois  .         Gourm    .     (no helmet)
rElec  .         Spirit   .     (no cloak)
rCorr  .         Warding  .     (no gloves)
rMut   .         Stasis   .     (no boots)
MR     .....                    e - amulet of faith
Stlth  +.........               (no ring)
                                j - ring of positive energy

@: not resistant to hostile enchantments, very unstealthy
A: talons 2
a: no special abilities


You were on level 2 of the Dungeon.
You were not hungry.

You visited 1 branch of the dungeon, and saw 2 of its levels.

You collected 124 gold pieces.

Inventory:

Armour
 a - a +0 robe
 c - a +0 scale mail (worn)
Jewellery
 e - an amulet of faith (around neck)
 j - a ring of positive energy (left hand)
Scrolls
 h - 4 scrolls of identify {unknown}
 i - a scroll of recharging {unknown}
 l - a scroll of fear {unknown}
 m - a scroll of enchant weapon {unknown}
 n - 2 scrolls of teleportation {unknown}
 p - a scroll of random uselessness {unknown}
Potions
 d - a potion of lignification {unknown}
 f - 2 potions of haste
 o - a potion of flight {unknown}
Comestibles
 b - 4 bread rations
 g - 2 meat rations


   Skills:
 + Level 3.6 Fighting
 - Level 2.6 Dodging
 - Level 1.7 Stealth
 - Level 5.0 Unarmed Combat


You had 3 spell levels left.
You didn't know any spells.

Dungeon Overview and Level Annotations

Branches:
Dungeon (2/15)

Altars:

Annotations:
D:2 Crazy Yiuf


Innate Abilities, Weirdness & Mutations

You have razor-sharp toenails.


Message History

Crazy Yiuf hits you with a quarterstaff of chaos!
* * * LOW HITPOINT WARNING * * *
Sorry, you're not good enough to have a special ability.
Read which item? (? for menu, Esc to quit)
Okay, then.
You hit Crazy Yiuf.
Crazy Yiuf is almost dead.
Crazy Yiuf hits you but does no damage.
You hit Crazy Yiuf.
Crazy Yiuf is almost dead.
Crazy Yiuf barely misses you.
Your scale mail prevents you from hitting Crazy Yiuf.
Crazy Yiuf is almost dead.
Crazy Yiuf barely misses you.
You hit Crazy Yiuf but do no damage.
Crazy Yiuf is almost dead.
You barely miss Crazy Yiuf. You claw Crazy Yiuf, but do no damage.
Crazy Yiuf is almost dead.
Crazy Yiuf hits you with a quarterstaff of chaos!
You die...

.##......###.#..#.....##.##..#
.##...............##..##)##..#
......................##.##..#
..........#################..###.
####.###.## #....... #.##...#
#....... #.##.#.# ####
#####.#.##. #......# #)..###
##..#..#.# ####...#
#..g@.####......#.# #...#
#...##..#.........# #.#.# ####
###.#...##.#.# #.#.# ########.#.#
#.#.# ... # ###.# .... ### ####


You could see Crazy Yiuf.

Vanquished Creatures
  A gnoll (D:1)
  3 adders (D:2)
  A worm (D:2)
  A giant gecko (D:2)
  4 bats
  2 giant cockroaches (D:2)
  7 goblins
  5 hobgoblins
  12 jackals
  6 kobolds
  A quokka (D:2)
  2 ball pythons (D:2)
  2 giant newts (D:2)
  6 rats
53 creatures vanquished.

Notes
Turn   | Place    | Note
--------------------------------------------------------------
     0 | D:1      | McCoppin the Demonspawn Monk began the quest for the Orb.
     0 | D:1      | Reached XP level 1. HP: 18/18 MP: 1/1
    36 | D:1      | Reached skill level 4 in Unarmed Combat
   183 | D:1      | Gained mutation: You have sharp toenails. [demonic ancestry]
   183 | D:1      | Reached XP level 2. HP: 22/24 MP: 2/2
   732 | D:1      | Reached XP level 3. HP: 7/29 MP: 3/3
  1205 | D:2      | Reached skill level 5 in Unarmed Combat
  1375 | D:2      | Gained mutation: You have razor-sharp toenails. [demonic ancestry]
  1375 | D:2      | Reached XP level 4. HP: 35/35 MP: 4/4
  1880 | D:2      | Noticed Crazy Yiuf
  1895 | D:2      | Slain by Crazy Yiuf

Vault maps used:
D:1:      minmay_arrival_shattered_statue, solitary_fountain
D:2:      first_bread, uniq_crazy_yiuf_cottage

Action                   |  1- 3 |  4- 6 || total
-------------------------+-------+-------++-------
Melee: Unarmed           |   172 |    49 ||   221
  Use: Potion            |       |     2 ||     2
  Eat: Chunk             |     1 |     2 ||     3
